Gudrun the Leatherclad Beauty, lawful female human Samurai --- |<..-- ------- ----- ---- |.....- |.....| . . ... -..|... |.(_..| -.---|- .. -.|-.....-- |.....| |..|......| ......... ---|--- ..-.....--.-..--- --.|....| --...- |.| --+-.....-+--........--+- -----..| ...|.....---- |.| -......--...@............| ..|.............---.-- .......- ..--------|-- .-- -......---........)..----- ...{... I% - ....... |...%%......-- -...... .| --. --...---...... -----....- -- --...|..---...|.--..|...|.. --.....|-....|........- --- ..........--. ...`...... ....... ......- -...--- Gudrun the Leatherclad Beauty the Kunoichi Experience level: 7 Strength: 13 Dexterity: 17 Constitution: 20 Intelligence: 14 Wisdom: 11 Charisma: 6 Health: 0(63) Energy: 18(18) Def: 8 Gold: 0 Moves: 3498 Dungeon seed: 0MqN0LyWtzPv9P42 Game ID: Gudrun the Leatherclad Beauty_1528021341 Your Inventory: Weapons a - an uncursed +0 katana (weapon in hand) b - an uncursed +0 wakizashi (alternate weapon; not wielded) c - an uncursed +0 yumi d - 36 uncursed +0 ya (in quiver) Armor e - an uncursed rustproof +0 splint mail (being worn) q - an uncursed +0 orcish helm (being worn) y - a cursed -1 pair of iron shoes (being worn) Comestibles o - an uncursed fortune cookie z - 2 uncursed gunyoki Rings x - an uncursed +2 ring of gain constitution (on right hand) Tools r - an uncursed stethoscope s - an uncursed bag of holding u - an uncursed skeleton key L - an uncursed oil lamp (0:1346) Gems n - an uncursed turquoise stone Contents of the bag of holding: 1489 gold pieces an uncursed scroll of amnesia 2 uncursed scrolls of earth an uncursed scroll of remove curse an uncursed scroll of teleportation an uncursed potion of confusion an uncursed potion of extra healing an uncursed potion of hallucination a cursed potion of healing an uncursed potion of restore ability a cursed -2 ring of carrying an uncursed ring of shock immunity an uncursed ring of shock immunity an uncursed ring of sustain ability an uncursed wand of lightning (0:6) an uncursed wand of make invisible (0:2) an uncursed wand of speed monster (0:3) an uncursed wand of striking (0:7) an uncursed wand of striking (0:4) an uncursed wand of undead turning (0:3) 7 uncursed tallow candles (0:200) Spells and supernatural/magical abilities: Name Level Category Cost Memory W - pray for help -- divine ? -- Your skills at the end: Fighting Skills martial arts [Basic] wands [Basic] Weapon Skills short sword [Basic] long sword [Expert] bow [Basic] Spellcasting Skills Final Attributes: You had strayed. You were poison resistant. You were fast. You last prayed 611 turns ago. Amaterasu Omikami was noncommittal. You are dead. Vanquished creatures: 2 giant mimics a giant spider a dog 2 Uruk-hai 6 gnome lords a golden naga hatchling a guardian naga hatchling 2 straw golems a little dog 3 kittens a dwarf a kobold lord a kobold shaman 2 rothes a rabid rat a giant bat a wererat 4 iguanas 3 killer bees 7 coyotes 3 giant rats 4 cave spiders 25 gnomes 2 garter snakes 2 gnome zombies 6 geckos 5 jackals 3 foxes a kobold a goblin 6 sewer rats 9 grid bugs 3 bats a lichen 7 newts 120 creatures vanquished. Voluntary challenges: You used a wielded weapon 199 times, starting on turn 146. You read items or engraved 16 times, starting on turn 879. You never genocided any monsters. You never polymorphed an object. You never changed form. You used no wishes. You never split a pudding. You wrote Elbereth's name 10 times, starting on turn 995. You violated your moral code, losing 55 points of alignment, starting on turn 2778. Dungeon overview: The Dungeons of Doom: levels 1 to 7 Level 1 a long staircase Level 2 some fountains Level 3 a general store, a fountain Level 4 a fountain, a vault stairs to The Gnomish Mines Level 5 Level 6 many fountains Level 7 stairs to Sokoban The Gnomish Mines: levels 5 to 8 Level 5 stairs to The Dungeons of Doom Level 6 Level 7 Level 8 <- You were here a general store, a temple to Amaterasu Omikami, a fountain Sokoban: levels 3 to 6 Level 3 Level 4 Level 5 Level 6 Solved stairs to The Dungeons of Doom History has recorded: On T:1 you entered the Dungeons of Doom to retrieve the Amulet of Yendor! On T:128 you reached level 2 of The Dungeons of Doom. On T:326 you reached level 3 of The Dungeons of Doom. On T:465 you reached level 4 of The Dungeons of Doom. On T:563 you advanced to experience level 2. On T:617 you reached level 1 of The Gnomish Mines. On T:763 you reached level 5 of The Dungeons of Doom. On T:791 you reached level 6 of The Dungeons of Doom. On T:811 you advanced to experience level 3. On T:844 you advanced to experience level 4. On T:854 you reached level 7 of The Dungeons of Doom. On T:861 you reached level 4 of Sokoban. On T:1046 you advanced to experience level 5. On T:1174 you reached level 3 of Sokoban. On T:1745 you reached level 2 of Sokoban. On T:2042 you reached level 1 of Sokoban. On T:2798 you advanced to experience level 6. On T:3163 you reached level 2 of The Gnomish Mines. On T:3187 you advanced to experience level 7. On T:3263 you reached level 3 of The Gnomish Mines. On T:3390 you reached level 4 of The Gnomish Mines. Score breakdown: Gold: 1489 (10794 points) Experience: 7 levels (13645 points) Exploration: 8 levels ( 16.00%) (11338 points) Discoveries: 7 items ( 2.80%) ( 5019 points) Valuables value: (no points given unless you survive) Artifact value: 0 ( 0 points) Variety of kills: 35 monsters ( 9.21%) ( 9104 points) Turncount: 3498 turns ( -826 points) Survival: died (score multiplied by 80%) Total score: 39259 Latest messages: You hear crashing rock. (2x) You hear someone cursing shoplifters. This level must be housing a shop. The dwarf zaps a forked wand, which suddenly explodes! Your conscience bothers you... The dwarf is caught in the ball of cold! The dwarf is killed! Please move the cursor to an unknown object. Done. Bordeyri zaps a wand of striking! The wand hits you! Bordeyri zaps a wand of striking! The wand hits you! You hear the howling of the CwnAnnwn... You begin praying to Amaterasu Omikami. Bordeyri zaps a wand of striking! The wand hits you! You die... Bordeyri looks at your corpse, shakes his head, and disappears. Final status: Sayonara Gudrun the Leatherclad Beauty the Samurai, killed by a Mr. Bordeyri, the shopkeeper's wand, while praying... You died in The Gnomish Mines on dungeon level 8 with 39259 points, and 1489 pieces of gold, after 3498 moves. You were level 7 with a maximum of 63 hit points when you died.